Map: 16-Bit LE

Players

BoilingSea - Winner!

  • Race: Protoss Protoss
  • League: Gold
  • Spawn Location: 7:00

Avoš

  • Race: Protoss Protoss
  • Spawn Location: 1:00

VOD

Have the link to the VOD?

Description

Time

  • Played on: July 30, 2018, 5:42 p.m.
  • Length: 6:23
Show
View Real Time Build Order
Export as new Build Order

BoilingSea Protoss - Winner!

Build Orders: 1 Gate Expand, Double Forge 

Get SALT Encoding   

  12  0:02  Probe  
  13  0:16  Pylon  
  13  0:19  Probe  
  14  0:32  Probe  
  15  0:36  Gateway  
  15  0:42  Assimilator  
  15  0:47  Probe  
  16  0:59  Probe  
  17  1:11  Assimilator  
  17  1:25  Nexus  
  17  1:38  Cybernetics Core  
  17  1:48  Gateway  
  17  1:53  Probe  
  18  2:05  Probe  
  19  2:16  Warp Gate  
  19  2:17  Probe  
  19  2:20  Pylon  
  19  2:22  Adept  
  22  2:32  Probe  
  23  2:38  Adept  
  23  2:40  Probe  
  23  2:49  Probe, Adept  
  29  3:01  Probe  
  30  3:09  Twilight Council  
  30  3:16  Pylon, Adept  
  30  3:17  Probe  
  32  3:25  Probe  
  34  3:34  Probe  
  34  3:37  Stalker  
  37  3:42  Probe  
  38  3:50  Probe  
  38  3:54  Assimilator  
  39  3:57  Assimilator  
  39  4:01  Probe  
  39  4:07  Stalker  
  42  4:18  Stalker  
  44  4:25  Forge x2  
  42  4:37  Stalker  
  40  4:47  Stalker  
  42  5:00  Gateway  
  42  5:02  Gateway  
  42  5:03  Probe  
  42  5:05  Gateway  
  43  5:11  Probe  
  43  5:20  Probe  
  45  5:32  Photon Cannon  
  45  5:33  Probe  
  46  5:41  Gateway  
  46  5:43  Gateway  
  46  5:45  Gateway  
  46  5:52  Pylon  
  46  5:54  Pylon  
Show
View Real Time Build Order
Export as new Build Order

Avoš Protoss 

Build Orders:  

Get SALT Encoding   

  12  0:01  Probe  
  13  0:13  Probe  
  14  0:23  Pylon  
  14  0:25  Probe  
  15  0:41  Probe  
  16  0:44  Gateway  
  16  0:53  Probe  
  16  0:54  Assimilator  
  17  1:01  Assimilator  
  17  1:05  Probe  
  18  1:15  Gateway  
  18  1:17  Probe  
  19  1:30  Probe  
  19  1:31  Cybernetics Core  
  20  1:41  Probe  
  20  1:44  Pylon  
  21  1:49  Probe  
  22  1:57  Probe  
  23  2:08  Probe, Warp Gate  
  23  2:10  Sentry, Stalker  
  28  2:20  Probe  
  28  2:21  Pylon  
  29  2:41  Probe  
  30  2:52  Nexus  
  30  2:54  Probe  
  31  3:01  Stalker  
  33  3:23  Stalker  
  35  3:31  Pylon  
  35  3:34  Probe  
  36  3:43  Twilight Council  
  36  3:46  Probe  
  37  3:49  Forge  
  37  3:58  Probe  
  21  4:44  Probe  
  22  4:56  Probe  
  23  5:08  Probe  
  23  5:11  Stalker x2  
  28  5:18  Probe  
  28  5:20  Probe  
  30  5:31  Probe  
  30  5:32  Probe  
  30  5:33  Assimilator  
  32  5:36  Assimilator  
  32  5:37  Pylon  
  32  5:40  Shield Battery  
  32  5:41  Pylon  
  32  5:50  Probe x2  
  32  5:51  Photon Cannon  
  32  5:53  Photon Cannon  
  34  6:02  Probe x2  
  29  6:12  Shield Battery  
Tags
 
League
Gold
Matchup
PvP
Spawn Locations
Cross Positions
Add a new tag
Caveats
  • Supply blocks, unpowered buildings, or Contaminate may cause inaccurate times.
  • Supply counts are checked every 10 seconds.